Map: Glittering Ashes LE

Players

NaKkel - Winner!

  • Race: Protoss Protoss
  • League: Gold

DikPound

  • Race: Protoss Protoss
  • League: Gold

VOD

Have the link to the VOD?

Description

Time

  • Played on: March 12, 2022, 6:46 p.m.
  • Length: 7:17
Show
View Real Time Build Order
Export as new Build Order

NaKkel Protoss - Winner!

Build Orders:  

Get SALT Encoding   

  12  0:00  Probe  
  13  0:14  Pylon  
  13  0:17  Probe (Chrono Boost)  
  14  0:26  Probe (Chrono Boost)  
  15  0:31  Probe (Chrono Boost)  
  16  0:38  Gateway  
  16  0:43  Assimilator  
  16  0:47  Probe  
  17  0:54  Assimilator  
  17  0:59  Probe (Chrono Boost)  
  18  1:11  Probe (Chrono Boost)  
  19  1:17  Gateway  
  19  1:18  Probe (Chrono Boost)  
  20  1:26  Cybernetics Core  
  20  1:29  Probe  
  21  1:39  Pylon  
  21  1:41  Probe  
  22  2:00  Warp Gate (Chrono Boost)  
  22  2:05  Stalker  
  22  2:07  Sentry  
  26  2:20  Pylon  
  26  2:33  Sentry  
  26  2:36  Nexus  
  28  2:42  Pylon  
  28  2:49  Sentry  
  30  3:02  Robotics Facility  
  30  3:08  Stalker  
  32  3:16  Probe  
  32  3:19  Sentry  
  35  3:25  Gateway  
  35  3:29  Pylon  
  35  3:31  Probe  
  36  3:43  Probe  
  37  3:49  Probe  
  37  3:55  Probe  
  39  4:01  Probe  
  39  4:02  Immortal (Chrono Boost)  
  40  4:07  Probe  
  45  4:13  Probe  
  46  4:19  Probe  
  47  4:25  Probe  
  47  4:30  Stalker  
  50  4:34  Warp Prism (Chrono Boost), Stalker  
  54  4:39  Stalker  
  54  4:45  Probe x2  
  58  4:50  Pylon  
  58  5:04  Immortal (Chrono Boost)  
  62  5:12  Gateway  
  62  5:17  Pylon  
  62  5:28  Pylon  
  62  5:33  Stalker x3  
  68  5:56  Stalker x2  
  68  5:57  Stalker  
  74  6:06  Immortal  
  78  6:11  Gateway  
  78  6:12  Gateway  
  78  6:26  Nexus  
  78  6:28  Pylon  
  78  6:48  Stalker x3  
  80  7:14  Zealot  
  80  7:15  Zealot x4  
Show
View Real Time Build Order
Export as new Build Order

DikPound Protoss 

Build Orders:  

Get SALT Encoding   

  12  0:00  Probe  
  13  0:12  Probe  
  14  0:20  Pylon  
  14  0:24  Probe  
  15  0:41  Probe  
  16  0:48  Assimilator, Gateway  
  16  0:53  Probe  
  17  1:05  Probe  
  18  1:17  Gateway, Probe  
  19  1:22  Gateway  
  19  1:30  Probe  
  20  1:34  Assimilator  
  20  1:42  Probe  
  20  1:46  Pylon  
  21  1:54  Probe  
  22  2:03  Cybernetics Core  
  22  2:05  Zealot (Chrono Boost)  
  22  2:06  Probe  
  25  2:18  Pylon  
  25  2:36  Gateway  
  25  2:38  Stalker x2 (Chrono Boost)  
  29  2:51  Warp Gate, Stalker (Chrono Boost)  
  31  3:05  Pylon  
  31  3:16  Pylon  
  31  3:24  Stalker (Chrono Boost)  
  37  3:30  Stalker (Chrono Boost)  
  37  3:33  Stalker (Chrono Boost)  
  37  3:40  Stalker (Chrono Boost)  
  45  4:07  Stalker x3 (Chrono Boost)  
  45  4:10  Pylon  
  45  4:14  Stalker (Chrono Boost)  
  47  4:28  Twilight Council  
  47  4:35  Robotics Facility  
  47  4:53  Forge  
  47  4:56  Pylon  
  45  5:12  Sentry x3  
  51  5:16  Zealot  
  53  5:35  Stalker x2  
  53  5:36  Stalker  
  49  5:52  Stalker  
  52  5:57  Probe  
  52  6:15  Robotics Bay  
  35  6:47  Stalker x3  
  35  6:49  Stalker  
  14  7:11  Stalker  
Tags
 
Add a new tag
Caveats
  • Supply blocks, unpowered buildings, or Contaminate may cause inaccurate times.
  • Supply counts are checked every 10 seconds.